 Dungeon Crawl Stone Soup version 0.17.1-3-g152610e (webtiles) character file.

104260 Miyamura the Eclecticist (level 15, -8/93 HPs)
             Began as a Deep Elf Wizard on Feb 18, 2016.
             Was the Champion of Vehumet.
             Mangled by a five-headed hydra (12 damage)
             ... on level 14 of the Dungeon on Feb 19, 2016.
             The game lasted 02:49:48 (41481 turns).

Miyamura the Eclecticist (Deep Elf Wizard)         Turns: 41481, Time: 02:49:48

Health: -8/93      AC: 12    Str: 13      XL:     15   Next: 91%
Magic:  33/37      EV: 19    Int: 26 (27) God:    Vehumet [******]
Gold:   865        SH:  0    Dex: 13      Spells: 10 memorised, 13 levels left

rFire  + + .     SeeInvis .     h - +9 quarterstaff (chaos)
rCold  + + .     Clarity  .     a - +2 leather armour "Zeboejoulo" {rF+ rC+ Slay+2}
rNeg   . . .     SustAt   .     (shield currently unavailable)
rPois  +         Gourm    .     Q - +2 hat
rElec  .         Spirit   .     j - +1 cloak
rCorr  .         Warding  .     W - +2 pair of gloves {rF+}
rMut   .         Rnd*Tele +     (no boots)
MR     ++...                    A - amulet of regeneration
Stlth  +++.......               S - ring of the Traitor {rPois MR+ Str+6}
                                D - ring of protection from cold

@: repel missiles, very resistant to hostile enchantments, fairly stealthy
A: teleportitis 1, wild magic 1, MP-powered wands
a: Renounce Religion


You were on level 14 of the Dungeon.
You worshipped Vehumet.
Vehumet was exalted by your worship.
You were hungry.

You visited 4 branches of the dungeon, and saw 27 of its levels.
You visited the Abyss 1 time.
You also visited: Ossuary and Volcano.

You collected 2976 gold pieces.
You spent 2111 gold pieces at shops.

Inventory:

Hand Weapons
 h - a +9 quarterstaff of chaos (weapon)
Armour
 a - the +2 leather armour "Zeboejoulo" (worn) {rF+ rC+ Slay+2}
   (You found it on level 1 of the Lair of Beasts)

   It affects your accuracy and damage with ranged weapons and melee attacks
   (+2).
   It protects you from fire.
   It protects you from cold.
 j - a +1 cloak (worn)
 Q - a +2 hat (worn)
 W - a +2 pair of gloves of fire resistance (worn)
Jewellery
 t - an uncursed ring of flight
 A - an amulet of regeneration (around neck)
 D - a ring of protection from cold (left hand)
 G - an uncursed ring of protection from fire
 O - an uncursed ring of sustain attributes
 S - the ring of the Traitor (right hand) {rPois MR+ Str+6}
   (You found it on level 3 of the Lair of Beasts)

   [ring of strength]

   It affects your strength (+6).
   It protects you from poison.
   It affects your resistance to hostile enchantments.
Wands
 f - a wand of random effects (7)
 l - a wand of paralysis (9)
 p - a wand of fire (7)
 r - a wand of slowing (13)
 w - a wand of cold (0)
 x - a wand of cold (0)
 L - a wand of teleportation (4)
 U - a wand of digging (10)
 V - a wand of invisibility (5)
 Y - a wand of confusion (29)
Scrolls
 c - 4 scrolls of identify
 m - 14 scrolls of remove curse
 v - a scroll of fog
 y - 2 scrolls of recharging
 C - 7 scrolls of teleportation
 F - 2 scrolls of magic mapping
 I - a scroll of amnesia
 T - a scroll of blinking
Potions
 e - 6 potions of flight
 g - 5 potions of brilliance
 i - 2 potions of ambrosia
 k - 2 potions of cancellation
 q - 4 potions of magic
 u - a potion of invisibility
 z - 3 potions of heal wounds
 B - 2 potions of resistance
 J - 3 potions of agility
 K - 2 potions of haste
 M - 5 potions of curing
 P - 2 potions of lignification
Miscellaneous
 b - a stone of tremors
 o - a crystal ball of energy
 s - a phial of floods
 X - a lamp of fire
 Z - a disc of storms
Comestibles
 d - 14 bread rations
 n - 13 fruits
 E - 8 slices of pizza
 N - 19 beef jerkies


   Skills:
 + Level 10.5 Fighting
 - Level 6.6 Staves
 + Level 14.2 Dodging
 - Level 6.0 Stealth
 + Level 16.0 Spellcasting
 + Level 9.7 Conjurations
 - Level 7.0 Charms
 - Level 1.1 Summonings
 - Level 1.1 Translocations
 + Level 10.7 Ice Magic
 + Level 10.1 Air Magic
 - Level 7.1 Evocations


You had 13 spell levels left.
You knew the following spells:

 Your Spells              Type           Power        Failure   Level  Hunger
a - Magic Dart            Conj           ####         1%          1    None
b - Blink                 Tloc           N/A          9%          2    None
c - Call Imp              Summ           #####...     9%          2    None
f - Freezing Cloud        Conj/Ice/Air   #######...   5%          6    ####...
k - Iskenderun's Battles  Conj/Chrm      #######.     2%          5    None
m - Mephitic Cloud        Conj/Pois/Air  ######..     1%          3    None
p - Poison Arrow          Conj/Pois      ######....   41%         6    ####...
r - Searing Ray           Conj           ######       1%          2    None
s - Sticky Flame          Conj/Fire      ######..     3%          4    None
R - Repel Missiles        Chrm/Air       ######       1%          2    None


Dungeon Overview and Level Annotations

Branches:
Dungeon (14/15)            Temple (1/1) D:7            Lair (8/8) D:11
  Swamp (0/4) Lair:6       Spider (0/4) Lair:5        Slime (0/6) Lair:8
    Orc (4/4) D:9             Elf (0/3) Orc:3        Vaults (0/5) D:13

Altars:
Ashenzari
Cheibriados
Dithmenos
Elyvilon
Fedhas
Gozag
Kikubaaqudgha
Makhleb
Nemelex Xobeh
Okawaru
Qazlal
Ru
Sif Muna
Trog
Vehumet
Xom
Yredelemnul
Zin
The Shining One
Beogh
Jiyva

Shops:
D:13 %   Orc:4 }[??

Portals:
Trove: D:10 (give +5 demon blade)

Annotations:
D:5 Pikel; ololoev's ghost, amateur DsFi
D:7 1 runed door


Innate Abilities, Weirdness & Mutations

You are occasionally teleported next to monsters.
Your spells are a little harder to cast, but a little more powerful.
You expend magic power (3 MP) to strengthen your wands.


Message History

The five-headed hydra is heavily wounded.
The five-headed hydra barely misses you.
The five-headed hydra bites you. x3
The five-headed hydra completely misses you.
You thump the five-headed hydra!
The five-headed hydra is poisoned.
The five-headed hydra is heavily wounded.
You hit the five-headed hydra.
The five-headed hydra is severely wounded.
The five-headed hydra is no longer moving slowly.
The five-headed hydra bites you! x3
The five-headed hydra barely misses you. x2
You barely miss the five-headed hydra.
The five-headed hydra is severely wounded.
You are feeling hungry.
The five-headed hydra bites you!
* * * LOW HITPOINT WARNING * * *
The five-headed hydra bites you!
* * * LOW HITPOINT WARNING * * *
The five-headed hydra bites you!
You die...

.... ..### #### ... ....
.... .. .>. .. .... #.##
#.# #.#. ###. #
#..###.###.#.# #.
#.####..#.......#.#####.
..........?.............
..........#.#...........
.###§D@..#............[
#§§.............####
§§§§......###.....# #
#.###§..#.#.###.....# #
#§§.............# #
....#.#.#.#..#..# #
...........#..#..####
.....##...............
.# #####.#..#......


You could see a five-headed hydra.

Vanquished Creatures
  Kirke (Lair:7)
  Donald (Orc:4)
  Maud (Orc:2)
  Louise (D:14)
  An orc warlord (Orc:4)
  The ghost of inmateoo the Destroyer, a journeyman OpCj of Vehumet (Lair:5)
  A fire dragon (Lair:8)
  Erolcha (D:13)
  6 hydras
  A catoblepas (Lair:7)
  A yaktaur captain (D:13)
  4 death yaks
  5 orc high priests (Orc:4)
  A ghost moth zombie (Abyss:1)
  2 hill giants
  5 cyclopes
  A giant orange brain (Abyss:1)
  3 orc knights (Orc:4)
  8 ugly things
  4 orc sorcerers (Orc:4)
  5 griffons
  Maurice (Orc:4)
  12 elephants
  7 black mambas
  An apocalypse crab (Abyss:1)
  4 gargoyles
  17 spiny frogs
  13 komodo dragons
  2 yaktaurs (D:13)
  An ancient zyme (Abyss:1)
  9 fire drakes
  A freezing wraith (D:13)
  A guardian mummy (D:10)
  9 polar bears
  6 trolls
  A raiju (Lair:8)
  10 slime creatures
  A boulder beetle (Lair:4)
  36 blink frogs
  7 two-headed ogres
  60 yaks
  A spriggan (shapeshifter) (Lair:5)
  4 wyverns
  2 fire bats (Volcano)
  2 steam dragons (Lair:8)
  3 deep elf magi
  2 hogs
  6 basilisks
  18 hippogriffs
  11 wargs
  4 hungry ghosts
  A wraith (D:12)
  2 deep elf fighters
  A human (D:8)
  A yak (shapeshifter) (Lair:3)
  2 mottled dragons
  9 swamp worms (Lair:2)
  A soldier ant (D:13)
  13 wolves
  18 water moccasins
  4 hell hounds (Lair:8)
  40 orc warriors
  A swamp drake (Lair:8)
  10 porcupines
  4 ice beasts
  4 phantoms
  2 slaves (D:5)
  13 ogres
  13 black bears
  6 centaurs
  7 sky beasts
  10 crocodiles
  29 giant frogs
  A brain worm (D:12)
  2 small abominations (Abyss:1)
  An elf zombie (Ossuary)
  A gnoll sergeant (D:8)
  A scorpion (D:7)
  2 wyvern zombies
  16 killer bees
  4 jellies
  7 crimson imps
  A quasit (Abyss:1)
  A giant frog zombie (D:12)
  2 electric eels
  2 lava snakes (Lair:4)
  3 giant frog skeletons
  2 human zombies (Ossuary)
  29 orc wizards
  Crazy Yiuf (D:3)
  2 human skeletons (D:7)
  39 orc priests
  2 centaur skeletons
  16 hounds
  10 iguanas
  9 worker ants
  12 sheep
  A big kobold zombie (Ossuary)
  A hound zombie (D:8)
  2 mummies (Ossuary)
  2 worker ant zombies
  A hound skeleton (D:11)
  6 adders
  6 gnolls
  62 river rats
  2 shadow imps (D:12)
  3 adder zombies
  An ooze (Lair:8)
  An adder skeleton (D:9)
  11 worms
  193 orcs
  2 ball pythons
  14 bats
  5 giant cockroaches
  6 goblins
  5 hobgoblins
  12 jackals
  2 quokkas (D:9)
  2 giant geckos
  2 giant newts
  A goblin zombie (Ossuary)
  5 hobgoblin zombies (Ossuary)
  A jackal skeleton (D:8)
  A jackal zombie (Ossuary)
  3 kobolds
  8 kobold zombies (Ossuary)
  4 orc skeletons (D:7)
  5 orc zombies (Ossuary)
  A quokka skeleton (D:7)
  15 rats
  2 rat zombies (Ossuary)
  3 bushes
  24 fungi
  28 plants
1106 creatures vanquished.

Vanquished Creatures (collateral kills)
  A death yak (Lair:7)
  Menkaure (D:5)
  An elf zombie (Ossuary)
  A killer bee (D:9)
  A centaur zombie (Ossuary)
  A hound (D:4)
  2 iguanas
  2 orc priests
  Jessica (D:2)
  An orc wizard (D:4)
  3 worker ants
  A river rat (Lair:5)
  5 adders
  2 gnolls (D:4)
  A giant gecko (D:4)
  9 orcs
  2 ball pythons
  A kobold (D:2)
  3 bats (D:11)
  3 hobgoblin zombies (Ossuary)
  2 kobold zombies (Ossuary)
  3 orc zombies (Ossuary)
  3 rats (D:11)
  A fungus (Lair:1)
51 creatures vanquished.

Vanquished Creatures (others)
  2 humans (Lair:7)
  A wolf (Lair:2)
  A crocodile (Lair:8)
  A hound (D:3)
  An orc wizard (D:10)
  43 fungi
  37 plants
86 creatures vanquished.

Grand Total: 1243 creatures vanquished

Notes
Turn   | Place    | Note
--------------------------------------------------------------
     0 | D:1      | Miyamura the Deep Elf Wizard began the quest for the Orb.
     0 | D:1      | Reached XP level 1. HP: 10/10 MP: 7/7
   235 | D:1      | Reached XP level 2. HP: 7/15 MP: 0/9
   399 | D:1      | Learned a level 2 spell: Blink
   402 | D:1      | Learned a level 2 spell: Call Imp
   405 | D:1      | Learned a level 2 spell: Repel Missiles
  1411 | D:2      | Reached XP level 3. HP: 19/19 MP: 2/11
  1465 | D:2      | Noticed Jessica
  1468 | D:2      | Killed Jessica
  1825 | D:2      | Learned a level 3 spell: Mephitic Cloud
  2257 | D:3      | Reached skill level 1 in Fighting
  3257 | D:3      | Noticed Crazy Yiuf
  3273 | D:3      | Killed Crazy Yiuf
  3273 | D:3      | Reached skill level 5 in Spellcasting
  3273 | D:3      | Reached XP level 4. HP: 20/25 MP: 4/13
  4008 | D:3      | Reached XP level 5. HP: 22/29 MP: 10/14
  4603 | D:4      | Reached XP level 6. HP: 29/35 MP: 11/16
  4926 | D:4      | Noticed an ogre
  4943 | D:4      | Killed an ogre
  5019 | D:4      | Noticed a sky beast
  5232 | D:4      | Learned a level 2 spell: Searing Ray
  5363 | D:4      | Reached skill level 6 in Spellcasting
  5381 | D:4      | Reached skill level 5 in Stealth
  5573 | D:4      | Killed a sky beast
  5573 | D:4      | Reached XP level 7. HP: 32/40 MP: 11/18
  5786 | D:5      | Entered Level 5 of the Dungeon
  5918 | D:5      | Noticed Pikel
  5985 | D:5      | Noticed ololoev's ghost (amateur DsFi)
  6115 | D:5      | Reached skill level 1 in Staves
  6368 | D:5      | Noticed Menkaure
  6377 | D:5      | Killed Menkaure
  6377 | D:5      | Reached skill level 1 in Evocations
  6403 | D:5      | Reached skill level 5 in Dodging
  7543 | D:5      | Reached XP level 8. HP: 45/45 MP: 18/20
  7812 | D:6      | Reached skill level 7 in Spellcasting
  7812 | D:6      | Reached skill level 1 in Charms
  8735 | D:7      | Found a sand-covered staircase.
  8756 | Ossuary  | Entered an ossuary
  9076 | Ossuary  | Reached skill level 5 in Conjurations
  9476 | Ossuary  | Learned a level 5 spell: Iskenderun's Battlesphere
  9492 | D:7      | Reached XP level 9. HP: 35/51 MP: 22/22
 10012 | D:7      | Found a staircase to the Ecumenical Temple.
 10017 | Temple   | Entered the Ecumenical Temple
 10264 | Temple   | Became a worshipper of Vehumet
 10586 | D:7      | Found an iron altar of Okawaru.
 10586 | D:7      | Found an ancient bone altar of Kikubaaqudgha.
 10586 | D:7      | Found a snail-covered altar of Cheibriados.
 10869 | D:7      | Reached skill level 8 in Spellcasting
 11299 | D:7      | Found a runed door.
 11433 | D:7      | Found a runed door.
 11867 | D:8      | Reached * piety under Vehumet
 11867 | D:8      | Offered knowledge of Sting by Vehumet.
 11867 | D:8      | Reached skill level 5 in Charms
 13625 | D:9      | Found a staircase to the Orcish Mines.
 13659 | D:9      | Reached XP level 10. HP: 54/58 MP: 21/24
 13663 | D:9      | Reached ** piety under Vehumet
 13663 | D:9      | Offered knowledge of Freeze by Vehumet.
 14064 | D:9      | Found a shadowy altar of Dithmenos.
 14068 | D:9      | Identified a +0 rod of inaccuracy (10/10) (You found it on level 8 of the Dungeon)
 14073 | D:9      | Found a white marble altar of Elyvilon.
 14074 | D:9      | Found a deep blue altar of Sif Muna.
 14075 | D:9      | Found a shattered altar of Ashenzari.
 14075 | D:9      | Found a glowing golden altar of the Shining One.
 14093 | D:9      | Reached skill level 9 in Spellcasting
 14760 | D:10     | Entered Level 10 of the Dungeon
 15436 | D:10     | Reached skill level 5 in Evocations
 15545 | D:10     | Found a portal to a secret trove of treasure.
 15558 | D:10     | Reached skill level 5 in Staves
 15870 | D:10     | Offered knowledge of Throw Flame by Vehumet.
 16449 | D:10     | Reached skill level 5 in Fighting
 17090 | D:10     | Reached *** piety under Vehumet
 17758 | D:10     | Reached XP level 11. HP: 64/64 MP: 26/26
 17927 | D:11     | Reached skill level 10 in Spellcasting
 17930 | D:11     | Offered knowledge of Ignite Poison by Vehumet.
 18300 | D:11     | Found a staircase to the Lair.
 18343 | D:11     | Reached **** piety under Vehumet
 18477 | D:11     | Offered knowledge of Irradiate by Vehumet.
 18512 | D:11     | Noticed a hill giant
 18519 | D:11     | Killed a hill giant
 18538 | D:11     | Found a glowing golden altar of the Shining One.
 18688 | D:11     | Found a glowing silver altar of Zin.
 19292 | Lair:1   | Entered Level 1 of the Lair of Beasts
 19609 | Lair:1   | Got a pitted leather armour
 19620 | Lair:1   | Identified the +2 leather armour "Zeboejoulo" {rF+ rC+ Slay+2} (You found it on level 1 of the Lair of Beasts)
 20140 | Lair:1   | Learned a level 6 spell: Freezing Cloud
 20383 | Lair:1   | Noticed a seven-headed hydra
 20390 | Lair:1   | Killed a seven-headed hydra
 20390 | Lair:1   | Reached skill level 1 in Ice Magic
 20390 | Lair:1   | Reached skill level 1 in Air Magic
 20923 | Lair:1   | Reached skill level 11 in Spellcasting
 21489 | Lair:2   | Reached ***** piety under Vehumet
 21605 | Lair:2   | Offered knowledge of Lee's Rapid Deconstruction by Vehumet.
 21675 | Lair:2   | Reached XP level 12. HP: 71/71 MP: 29/29
 22963 | Lair:2   | Reached skill level 10 in Dodging
 23206 | Lair:2   | Identified the Incunabulum of Ashen Enchantment
 23224 | Lair:2   | Noticed a six-headed hydra
 23238 | Lair:2   | Killed a six-headed hydra
 23567 | Lair:3   | Got a steaming golden ring
 23602 | Lair:3   | Identified the ring of the Traitor {rPois MR+ Str+6} (You found it on level 3 of the Lair of Beasts)
 23647 | Lair:3   | Got an ancient scale mail
 23658 | Lair:3   | Identified the cursed +0 scale mail of Mumblety Peg {-Tele rF+++ rCorr Dex-4} (You found it on level 3 of the Lair of Beasts)
 23941 | Lair:3   | Reached skill level 12 in Spellcasting
 24510 | Lair:4   | Got a ruby-encrusted ice dragon armour
 24521 | Lair:4   | Identified the +4 ice dragon armour "Itramno" {rF- rC++ rN++ Regen+} (You found it on level 4 of the Lair of Beasts)
 24716 | Lair:4   | Reached skill level 5 in Ice Magic
 24934 | Lair:4   | Identified a scroll of acquirement
 25090 | Lair:4   | Reached skill level 5 in Air Magic
 25648 | Lair:5   | Noticed inmateoo's ghost (journeyman OpCj)
 25865 | Lair:5   | Killed inmateoo's ghost
 25879 | Lair:5   | Found a hole to the Spider Nest.
 25948 | Lair:5   | Offered knowledge of Force Lance by Vehumet.
 25985 | Lair:5   | Reached XP level 13. HP: 67/78 MP: 8/31
 26201 | Lair:5   | Found a dark tunnel.
 26216 | Volcano  | Entered a volcano
 27606 | Lair:6   | Reached skill level 13 in Spellcasting
 28089 | Lair:6   | Found a staircase to the Swamp.
 28464 | Lair:7   | Noticed Kirke
 28472 | Lair:7   | Killed Kirke
 28752 | Lair:7   | Offered knowledge of Lightning Bolt by Vehumet.
 29276 | Lair:7   | Reached XP level 14. HP: 41/84 MP: 15/33
 29862 | Lair:6   | Reached skill level 14 in Spellcasting
 30805 | Lair:8   | Entered Level 8 of the Lair of Beasts
 31253 | Lair:8   | Gained mutation: Your spells are a little harder to cast, but a little more powerful. [potion of mutation]
 31253 | Lair:8   | Gained mutation: You are occasionally teleported next to monsters. [potion of mutation]
 31253 | Lair:8   | Gained mutation: You expend magic power (3 MP) to strengthen your wands. [potion of mutation]
 31446 | Lair:8   | Found a basalt altar of Yredelemnul.
 31587 | Lair:8   | Learned a level 4 spell: Sticky Flame
 31594 | Lair:8   | Learned a level 6 spell: Poison Arrow
 31612 | Lair:8   | Found a runed door.
 31612 | Lair:8   | Found a viscous altar of Jiyva.
 31612 | Lair:8   | Found a staircase to the Slime Pits.
 31907 | Lair:8   | Offered knowledge of Bolt of Cold by Vehumet.
 32691 | Lair:8   | Got an ichor-stained chain mail
 32702 | Lair:8   | Identified the +8 chain mail "Qodes" {*Corrode rF+ rC+ Dex+3} (You found it on level 8 of the Lair of Beasts)
 33012 | Lair:8   | Reached skill level 15 in Spellcasting
 33381 | Lair:8   | Reached XP level 15. HP: 92/92 MP: 31/36
 33677 | Orc:1    | Entered Level 1 of the Orcish Mines
 34179 | Orc:2    | Noticed Maud
 34194 | Orc:2    | Killed Maud
 35102 | Orc:3    | Found a bloodstained altar of Trog.
 35176 | Orc:3    | Found a staircase to the Elven Halls.
 35509 | Orc:4    | Entered Level 4 of the Orcish Mines
 35669 | Orc:4    | Reached ****** piety under Vehumet
 35688 | Orc:4    | Noticed Donald
 35696 | Orc:4    | Noticed Maurice
 35702 | Orc:4    | Killed Maurice
 35702 | Orc:4    | Offered knowledge of Ozocubu's Refrigeration by Vehumet.
 35702 | Orc:4    | Reached skill level 10 in Ice Magic
 35709 | Orc:4    | Killed Donald
 36253 | Orc:4    | Found a roughly hewn altar of Beogh.
 36275 | Orc:4    | Reached skill level 10 in Fighting
 36409 | Orc:4    | Found Ginetuebb's Gadget Boutique.
 36538 | Orc:4    | Found Hockuoc's Antique Armour Shop.
 36745 | Orc:4    | Found Aquimibo's Magic Scroll Emporium.
 36795 | Orc:4    | Bought a scroll of enchant armour for 97 gold pieces
 37078 | Orc:4    | Found a roughly hewn altar of Beogh.
 37114 | Orc:4    | Found Horamoxa's Magic Scroll Boutique.
 37239 | Orc:4    | Bought a scroll of teleportation for 54 gold pieces
 37274 | Orc:4    | Offered knowledge of Iron Shot by Vehumet.
 37907 | Orc:4    | Bought an embroidered hat for 104 gold pieces
 37920 | Orc:4    | Bought a distressingly furry ring mail for 234 gold pieces
 37920 | Orc:4    | Bought a distressingly furry shield for 247 gold pieces
 38020 | Orc:4    | Bought a lamp of fire for 520 gold pieces
 38020 | Orc:4    | Bought a wand of confusion (29) for 301 gold pieces
 38020 | Orc:4    | Bought a disc of storms for 260 gold pieces
 38020 | Orc:4    | Bought a wand of slowing (13) for 145 gold pieces
 38088 | Orc:4    | Bought a scroll of identify for 26 gold pieces
 38088 | Orc:4    | Bought a scroll of identify for 26 gold pieces
 38088 | Orc:4    | Bought a scroll of identify for 26 gold pieces
 38088 | Orc:4    | Bought a scroll of magic mapping for 45 gold pieces
 38088 | Orc:4    | Bought a scroll of identify for 26 gold pieces
 38089 | Orc:4    | Identified the +1 ring mail of the Hall of Blades {*Corrode rElec rC+++ Dex-2} (You bought it in a shop on level 4 of the Orcish Mines)
 38090 | Orc:4    | Identified the cursed +0 shield of Vyfuypru {Str+2} (You bought it in a shop on level 4 of the Orcish Mines)
 39504 | D:12     | Offered knowledge of Spellforged Servitor by Vehumet.
 39673 | D:13     | Noticed Erolcha
 39688 | D:13     | Killed Erolcha
 39791 | D:13     | Found a gate to the Vaults.
 40110 | D:13     | Reached skill level 10 in Air Magic
 40442 | D:13     | Found Huakuem's Food Shoppe.
 40600 | D:14     | Noticed Louise
 40741 | D:14     | Cast into the Abyss (Louise)
 40969 | Abyss:1  | Noticed a tentacled starspawn
 41146 | Abyss:1  | Noticed a revenant
 41158 | D:14     | Escaped the Abyss
 41211 | D:14     | Killed Louise
 41211 | D:14     | Reached skill level 16 in Spellcasting
 41481 | D:14     | HP: 4/93 [five-headed hydra (13)]
 41481 | D:14     | Mangled by a five-headed hydra

Action                   |  1- 3 |  4- 6 |  7- 9 | 10-12 | 13-15 || total
-------------------------+-------+-------+-------+-------+-------++-------
Melee: Unarmed           |     8 |       |       |       |       ||     8
       Quarterstaff      |       |    12 |   227 |   342 |   981 ||  1562
       Staff             |       |       |       |    15 |       ||    15
 Cast: Magic Dart        |    89 |    50 |   103 |   297 |    25 ||   564
       Call Imp          |    15 |    48 |    40 |    15 |     1 ||   119
       Repel Missiles    |     1 |       |     1 |     2 |       ||     4
       Blink             |       |     1 |     2 |     5 |    13 ||    21
       Searing Ray       |       |       |    47 |    35 |     4 ||    86
       Mephitic Cloud    |       |       |     9 |    18 |       ||    27
       Iskenderun's Batt |       |       |     3 |    53 |     8 ||    64
       Freezing Cloud    |       |       |       |    29 |   233 ||   262
 Abil: Evoke Flight      |       |       |       |     1 |       ||     1
Evoke: Wand              |     1 |    16 |    26 |    25 |    27 ||    95
       Phial of floods   |       |       |       |       |     1 ||     1
       Disc of storms    |       |       |       |       |     1 ||     1
  Use: Scroll            |    11 |     5 |    13 |    14 |    12 ||    55
       Potion            |     1 |     1 |     1 |     9 |     6 ||    18
 Stab: Paralysed         |       |       |     4 |    27 |    19 ||    50
       Sleeping          |       |       |     6 |     9 |    16 ||    31
       Petrified         |       |       |     2 |       |       ||     2
       Distracted        |       |       |     1 |     2 |     3 ||     6
       Confused          |       |       |       |     2 |     4 ||     6
       Petrifying        |       |       |       |     3 |     4 ||     7
       Invisible         |       |       |       |     2 |       ||     2
  Eat: Chunk             |     5 |     7 |    11 |    45 |    71 ||   139
       Beef jerky        |       |     1 |       |     3 |     2 ||     6
       Meat ration       |       |       |     2 |       |     5 ||     7
       Bread ration      |       |       |     1 |       |       ||     1
       Royal jelly       |       |       |       |     1 |     2 ||     3
       Pizza             |       |       |       |     1 |       ||     1
